Map: New Repugnancy LE

Players

SirThirst - Winner!

  • Race: Protoss Protoss
  • Spawn Location: 7:00

VOD

Have the link to the VOD?

Description

Time

  • Played on: Aug. 6, 2019, 6:30 a.m.
  • Length: 17:24
Show
View Real Time Build Order
Export as new Build Order

SirThirst Protoss - Winner!

Build Orders:  

Get SALT Encoding   

  12  0:03  Probe (Chrono Boost)  
  14  0:20  Probe (Chrono Boost)  
  14  0:24  Pylon  
  14  0:37  Probe (Chrono Boost)  
  15  0:54  Gateway, Probe (Chrono Boost)  
  16  1:07  Probe (Chrono Boost)  
  17  1:18  Probe (Chrono Boost)  
  17  1:26  Assimilator  
  18  1:31  Probe (Chrono Boost)  
  19  1:48  Probe (Chrono Boost)  
  20  1:51  Zealot  
  20  2:00  Cybernetics Core  
  20  2:05  Probe (Chrono Boost)  
  23  2:29  Pylon  
  23  2:53  Zealot  
  23  2:57  Probe (Chrono Boost)  
  26  3:10  Nexus  
  26  3:14  Probe (Chrono Boost)  
  26  3:15  Pylon  
  27  3:23  Stalker  
  27  3:27  Gateway  
  27  3:39  Assimilator, Probe (Chrono Boost)  
  30  3:49  Robotics Facility  
  30  3:56  Probe (Chrono Boost)  
  31  4:12  Stalker  
  31  4:13  Probe (Chrono Boost)  
  34  4:28  Twilight Council  
  34  4:38  Probe (Chrono Boost)  
  35  4:40  Stalker  
  37  4:55  Probe (Chrono Boost)  
  38  5:06  Probe (Chrono Boost)  
  38  5:08  Sentry  
  42  5:12  Probe (Chrono Boost)  
  42  5:28  Probe (Chrono Boost)  
  43  5:32  Immortal  
  47  5:40  Probe (Chrono Boost)  
  47  5:43  Pylon  
  48  5:51  Pylon  
  48  5:52  Probe (Chrono Boost)  
  49  6:05  Probe (Chrono Boost)  
  50  6:11  Robotics Bay  
  50  6:22  Probe (Chrono Boost)  
  50  6:26  Assimilator  
  50  6:29  Stalker  
  53  6:31  Zealot  
  53  6:37  Probe (Chrono Boost)  
  56  6:43  Pylon  
  56  6:48  Probe (Chrono Boost)  
  56  6:49  Assimilator  
  57  7:02  Probe (Chrono Boost)  
  57  7:07  Probe (Chrono Boost)  
  57  7:09  Disruptor  
  59  7:19  Probe (Chrono Boost)  
  63  7:23  Pylon  
  63  7:24  Probe (Chrono Boost)  
  64  7:36  Probe (Chrono Boost)  
  66  7:41  Probe (Chrono Boost)  
  66  7:43  Nexus  
  66  7:53  Probe (Chrono Boost)  
  66  7:54  Pylon  
  66  7:57  Gateway  
  67  8:03  Disruptor, Gateway  
  68  8:10  Probe (Chrono Boost)  
  68  8:11  Stalker x2  
  75  8:27  Probe (Chrono Boost)  
  75  8:28  Charge  
  76  8:53  Disruptor  
  76  8:57  Stalker  
  76  8:58  Stalker  
  80  9:06  Robotics Facility  
  83  9:11  Gateway  
  83  9:13  Gateway  
  83  9:17  Pylon  
  83  9:20  Pylon  
  83  9:21  Probe (Chrono Boost)  
  84  9:32  Probe (Chrono Boost)  
  84  9:33  Zealot  
  84  9:34  Zealot  
  89  9:45  Disruptor, Probe (Chrono Boost)  
  90  9:51  Zealot  
  90  9:53  Zealot  
  97  10:02  Probe (Chrono Boost)  
  97  10:06  Gateway  
  98  10:16  Gateway  
  98  10:19  Probe (Chrono Boost)  
  99  10:21  Stalker  
  99  10:23  Stalker  
  99  10:29  Stalker  
  105  10:31  Stalker  
  107  10:40  Immortal  
  107  10:43  Pylon  
  112  10:51  Probe (Chrono Boost)  
  112  10:54  Disruptor  
  112  11:08  Probe (Chrono Boost)  
  116  11:20  Unknown  
  116  11:24  Unknown, Probe (Chrono Boost)  
  116  11:27  Unknown  
  116  11:29  Unknown  
  99  11:30  Unknown  
  98  11:41  Probe (Chrono Boost)  
  98  11:47  Stalker  
  98  11:49  Stalker x2  
  104  11:50  Stalker x2  
  104  11:51  Stalker  
  104  11:55  Stalker x2  
  104  11:58  Probe (Chrono Boost)  
  111  12:16  Unknown  
  111  12:20  Unknown  
  111  12:25  Unknown  
  109  12:32  Unknown  
  101  12:57  Stalker x2  
  101  12:58  Stalker x2  
  109  13:01  Immortal  
  109  13:02  Immortal  
  109  13:04  Pylon  
  109  13:07  Stalker  
  109  13:08  Stalker  
  113  13:44  Unknown  
  113  13:46  Unknown  
  113  13:49  Unknown  
  113  13:54  Unknown  
  113  13:59  Unknown  
  100  14:44  Stalker x2  
  100  14:45  Stalker x2  
  100  14:46  Stalker  
  100  14:48  Immortal x2  
  120  14:50  Stalker  
  120  14:51  Stalker  
  120  14:57  Pylon  
  120  14:59  Pylon  
  124  15:01  Pylon  
  124  15:03  Pylon  
  124  15:05  Pylon  
  124  15:08  Pylon  
  124  15:10  Pylon  
  124  15:12  Pylon  
  124  15:13  Pylon  
  124  15:14  Stalker  
  124  15:26  Stalker x2  
  124  15:27  Stalker x2  
  124  15:28  Stalker  
  134  15:32  Stalker  
  134  15:33  Stalker  
  138  15:44  Unknown  
  138  15:45  Unknown x2  
  138  15:46  Unknown  
  136  15:56  Stalker  
  138  16:08  Stalker x2  
  138  16:09  Stalker, Zealot  
  146  16:10  Stalker  
  146  16:14  Stalker  
  146  16:15  Stalker  
  152  16:29  Immortal  
  156  16:37  Stalker  
  172  17:16  Unknown  
  172  17:17  Unknown  
  172  17:18  Unknown  
  172  17:19  Unknown  
Tags
 
Add a new tag
Caveats
  • Supply blocks, unpowered buildings, or Contaminate may cause inaccurate times.
  • Supply counts are checked every 10 seconds.